Map: Império Eterno LE

Players

MATADORSCII

  • Race: Terran Terran
  • League: Master
  • Spawn Location: 7:00

I.A. 2 (Muito fácil) - Winner!

  • Race: Protoss Protoss
  • Spawn Location: 1:00

VOD

Have the link to the VOD?

Description

Time

  • Played on: July 7, 2020, 4:07 p.m.
  • Length: 7:09
Show
View Real Time Build Order
Export as new Build Order

MATADORSCII Terran 

Build Orders: Reaper Expand 

Get SALT Encoding   

  12  0:03  SCV  
  13  0:15  SCV  
  13  0:19  Supply Depot  
  14  0:27  SCV  
  15  0:40  SCV  
  15  0:42  Barracks  
  16  0:45  Refinery  
  16  0:55  SCV  
  17  1:07  SCV  
  18  1:19  SCV  
  19  1:30  Reaper  
  19  1:32  Orbital Command  
  20  1:46  Command Center  
  20  1:58  SCV  
  21  2:07  Barracks  
  21  2:11  SCV  
  21  2:14  Barracks Reactor  
  22  2:19  Supply Depot  
  22  2:24  SCV  
  23  2:32  Engineering Bay  
  23  2:40  SCV  
  24  2:45  Barracks  
  24  2:51  Marine x2  
  24  2:53  SCV  
  27  3:00  Terran Infantry Weapons Level 1  
  27  3:01  Barracks Tech Lab  
  27  3:04  Orbital Command  
  27  3:10  SCV  
  27  3:11  Marine  
  27  3:12  Marine  
  30  3:20  Stimpack  
  30  3:21  Marine  
  30  3:23  SCV  
  32  3:31  SCV  
  32  3:33  Barracks Tech Lab  
  33  3:37  SCV  
  33  3:38  Marine x2  
  36  3:42  Marine  
  36  3:43  SCV  
  38  3:49  Supply Depot  
  38  3:56  Combat Shield  
  38  3:57  SCV x2  
  38  3:59  Marine x3  
  43  4:08  Marine  
  43  4:09  SCV  
  46  4:10  SCV  
  46  4:11  Supply Depot  
  46  4:16  Marine  
  46  4:17  Marine x2  
  49  4:26  Marine  
  49  4:27  SCV x2  
  52  4:33  Supply Depot  
  52  4:35  Refinery  
  52  4:39  SCV x2  
  52  4:44  Marine x2  
  52  4:45  Factory, Marine x2  
  58  4:52  Command Center  
  58  4:56  Supply Depot  
  58  5:02  Marine  
  58  5:03  Marine x2  
  58  5:04  Marine  
  62  5:12  SCV x2  
  64  5:21  Refinery  
  64  5:23  Marine x2  
  64  5:24  Marine x2, SCV x2  
  70  5:29  Supply Depot  
  70  5:30  Starport  
  70  5:31  Factory Reactor  
  70  5:41  Marine  
  71  5:43  Supply Depot  
  71  5:44  Marauder x2, Marine  
  76  5:59  Marine  
  76  6:01  Barracks, Refinery  
  76  6:02  Barracks, SCV x2  
  76  6:03  Supply Depot  
  79  6:05  Marauder x2  
  79  6:06  Orbital Command  
  83  6:14  SCV  
  83  6:18  SCV  
  85  6:21  Medivac  
  87  6:25  Medivac  
  87  6:26  Marauder, Orbital Command, SCV  
  87  6:27  Marauder  
  94  6:44  Armory  
  94  6:48  Marauder x2  
  94  6:49  Barracks Tech Lab x2  
  94  6:52  SCV x3  
  101  6:58  Engineering Bay  
Show
View Real Time Build Order
Export as new Build Order

I.A. 2 (Muito fácil) Protoss - Winner!

Build Orders: 1 Gate Expand, Nexus First 

Get SALT Encoding   

  12  0:00  Probe  
  13  0:13  Probe  
  14  0:20  Pylon  
  14  0:42  Gateway  
  14  1:01  Nexus  
  14  1:20  Pylon  
  14  1:21  Zealot  
  14  1:24  Assimilator  
  16  1:37  Cybernetics Core  
  16  1:39  Probe  
  17  1:51  Probe  
  18  2:01  Assimilator  
  18  2:03  Probe  
  18  2:05  Warp Gate  
  19  2:13  Probe  
  19  2:14  Stalker  
  21  2:20  Probe  
  23  2:23  Probe  
  24  2:34  Probe  
  25  2:41  Probe  
  26  2:53  Probe  
  26  2:57  Pylon  
  27  3:00  Probe  
  28  3:07  Robotics Facility  
  28  3:08  Probe  
  29  3:15  Probe  
  30  3:24  Probe  
  30  3:25  Zealot  
  33  3:28  Probe  
  34  3:39  Probe  
  35  3:46  Probe  
  36  3:52  Assimilator  
  36  3:53  Probe  
  36  3:55  Observer  
  37  4:00  Assimilator  
  37  4:01  Probe  
  39  4:08  Probe  
  39  4:09  Observer  
  40  4:15  Probe  
  42  4:22  Probe  
  43  4:29  Probe  
  44  4:36  Probe, Sentry  
  47  4:40  Pylon  
  47  4:43  Probe  
  48  4:51  Probe  
  49  4:58  Probe  
  50  5:33  Observer  
Tags
 
Add a new tag
Caveats
  • Supply blocks, unpowered buildings, or Contaminate may cause inaccurate times.
  • Supply counts are checked every 10 seconds.